 Dungeon Crawl Stone Soup version 0.16.0-17-g811c1d7 (console) character file.

176 Fusha the Chiller (level 5, -2/28 HPs)
             Began as a Gargoyle Ice Elementalist on Mar 21, 2015.
             Was an Initiate of Vehumet.
             Slain by an orc wizard
             ... wielding a +0 dagger
              (3 damage)
             ... on level 4 of the Dungeon.
             The game lasted 00:11:07 (2629 turns).

Fusha the Chiller (Gargoyle Ice Elementalist)       Turns: 2629, Time: 00:11:07

Health: -2/28      AC:  7    Str: 12    XL:     5   Next: 56%
Magic:  2/11       EV: 12    Int: 16    God:    Vehumet [......]
Gold:   158        SH:  0    Dex: 10    Spells: 3 memorised, 4 levels left

rFire  x . .     SeeInvis .     k - staff of cold
rCold  + + .     Clarity  .     a - +0 robe
rNeg   + . .     SustAb   .     (no shield)
rPois  ∞         Gourm    .     m - +0 helmet
rElec  +         Spirit   .     (no cloak)
rCorr  .         Warding  .     (no gloves)
rMut   .         Stasis   .     (no boots)
MR     .....                    (no amulet)
Stlth  ++........               (no ring)
                                g - ring of ice

@: very slightly contaminated, not resistant to hostile enchantments, unstealthy
A: negative energy resistance 1, electricity resistance, unbreathing,
petrification resistance, rot immunity, AC +4
a: Renounce Religion


You were on level 4 of the Dungeon.
You worshipped Vehumet.
Vehumet was noncommittal.
You were full.

You visited 1 branch of the dungeon, and saw 4 of its levels.

You collected 158 gold pieces.

Inventory:

Hand weapons
 i - a +2 spear of freezing
Armour
 a - a +0 robe (worn)
 m - a +0 helmet (worn)
Magical staves
 k - an uncursed staff of cold (weapon)
Jewellery
 g - a ring of ice (left hand)
Scrolls
 e - a scroll of random uselessness {unknown}
 h - 2 scrolls of enchant weapon {unknown}
 j - 2 scrolls of remove curse {unknown}
 l - 2 scrolls of identify {unknown}
 p - a scroll of immolation {unknown}
 q - a scroll of fog {unknown}
 r - a scroll of recharging {unknown}
Potions
 d - a potion of degeneration {unknown}
 n - a potion of berserk rage {unknown}
 o - a potion of heal wounds {unknown}
 t - a potion of might
Books
 b - a book of Frost

   Spells                             Type                      Level
   a - Freeze                         Ice                          1
   b - Throw Frost                    Conjuration/Ice              2
   c - Ozocubu's Armour               Charms/Ice                   3
   d - Throw Icicle                   Conjuration/Ice              4
   e - Summon Ice Beast               Ice/Summoning                4
   f - Condensation Shield            Ice                          4
Comestibles
 c - 4 bread rations


   Skills:
 + Level 0.9 Fighting
 + Level 2.0 Dodging
 + Level 2.6 Stealth
 + Level 3.4 Spellcasting
 + Level 1.3 Conjurations
 + Level 4.4 Ice Magic


You had 4 spell levels left.
You knew the following spells:

 Your Spells              Type           Power        Failure   Level  Hunger
a - Freeze                Ice            ####         3%          1    None
b - Throw Frost           Conj/Ice       ####..       10%         2    ##.....
c - Ozocubu's Armour      Chrm/Ice       ###.....     21%         3    ###....


Dungeon Overview and Level Annotations

Branches:
Dungeon (4/15)
 Temple: D:4-7

Altars:
Vehumet


Innate Abilities, Weirdness & Mutations

You are resistant to torment.
You are immune to poison.
Your stone body is very resilient (AC +4).
You resist negative energy.
You are resistant to electric shocks.
You can survive without breathing.
You are immune to petrification.
You are immune to rotting.


Message History

You feel a strong surge of power!
You freeze the orc.
You kill the orc!
Vehumet accepts your kill.
You hear some strange, mumbled words.
The magic dart hits you! The magic dart hits you!
You hear the slow hiss of a very distant avalanche of sand.
You hear some strange, mumbled words.
The puff of flame hits you! The fire burns you terribly!
* * * LOW HITPOINT WARNING * * *
An orc wizard appears from thin air!
Reactivating autopickup.
The orc wizard casts a spell at you. The magic dart hits you!
* * * LOW HITPOINT WARNING * * *
The orc wizard casts a spell at you. The puff of flame misses you.
There is a stone staircase leading up here.
The orc wizard hits you with a dagger.
You die...

#....##
#K####
##o#
#g.#
#.##
#o# #.#
#o# #@#
#.# ..#
####


You could see an orc wizard, 2 orcs, a hobgoblin and a kobold.

Vanquished Creatures
  Sigmund (D:2)
  A giant mite (D:2)
  2 adders
  2 worms
  2 oozes
  5 giant geckos
  4 orcs
  2 ball pythons (D:3)
  5 bats
  8 hobgoblins
  4 kobolds
  6 giant cockroaches
  2 giant newts
  4 goblins
  12 rats
60 creatures vanquished.

Notes
Turn   | Place    | Note
--------------------------------------------------------------
     0 | D:1      | Fusha, the Gargoyle Ice Elementalist, began the quest for the Orb.
     0 | D:1      | Reached XP level 1. HP: 10/10 MP: 3/3
   191 | D:1      | Reached XP level 2. HP: 9/15 MP: 0/4
   684 | D:1      | Learned a level 2 spell: Throw Frost
   755 | D:1      | Reached XP level 3. HP: 19/19 MP: 2/6
  1334 | D:2      | Noticed Sigmund
  1344 | D:2      | Killed Sigmund
  1344 | D:2      | Reached skill level 4 in Ice Magic
  1344 | D:2      | Reached XP level 4. HP: 14/24 MP: 1/9
  1646 | D:2      | Learned a level 3 spell: Ozocubu's Armour
  1656 | D:2      | Reached XP level 5. HP: 28/28 MP: 11/11
  2355 | D:3      | Found a radiant altar of Vehumet.
  2377 | D:3      | Became a worshipper of Vehumet
  2626 | D:4      | HP: 1/28 [orc wizard/magic dart (5)]
  2629 | D:4      | Slain by an orc wizard

Action                   |  1- 3 |  4- 6 || total
-------------------------+-------+-------++-------
Melee: Unarmed           |    31 |       ||    31
       Spear             |     7 |     3 ||    10
       Staff             |       |    39 ||    39
 Cast: Freeze            |    38 |    24 ||    62
       Throw Frost       |     2 |    28 ||    30
 Stab: Sleeping          |       |     2 ||     2
  Eat: Meat ration       |     1 |       ||     1
       Chunk             |     1 |       ||     1
       Fruit             |       |     4 ||     4
       Pizza             |       |     1 ||     1
       Beef jerky        |       |     1 ||     1
